 Dungeon Crawl Stone Soup version 0.26-a0-491-g70697cc071 (webtiles) character file.

Game seed: 10728024096966583906

14 ANON1729 the Sneak (level 2, -1/25 HPs)
             Began as a Palentonga Delver on Aug 4, 2020.
             Slain by a worker ant (4 damage)
             ... on level 6 of the Dungeon.
             The game lasted 00:00:45 (243 turns).

ANON1729 the Sneak (Palentonga Delver)               Turns: 243, Time: 00:00:46

Health: -1/25      AC:  4    Str: 15    XL:     2   Next: 27%
Magic:  2/2        EV:  9    Int: 10    God:
Gold:   92         SH:  0    Dex: 11    Spells: 1/1 levels left

rFire    . . .     SeeInvis +   a - +0 falchion
rCold    . . .     Faith    .   (no shield)
rNeg     . . .     Spirit   .   b - +0 leather armour
rPois    +         Reflect  .   (no helmet)
rElec    .         Harm     .   (no cloak)
rCorr    .                      (no gloves)
MR       .....                  (boots restricted)
Stlth    ++........             (no amulet)
HPRegen  0.08/turn              i - ring of poison resistance
MPRegen  0.08/turn              (no ring)

@: lethally poisoned (-1 -> -8)
A: large, rugged brown scales 3, see invisible, deformed body, roll, armoured
tail
a: Rolling Charge


You were on level 6 of the Dungeon.
You visited 1 branch of the dungeon, and saw 2 of its levels.

You collected 92 gold pieces.

Inventory:

Hand Weapons
 a - a +0 falchion (weapon)
Armour
 b - a +0 leather armour (worn)
Jewellery
 i - a ring of poison resistance (left hand)
Wands
 g - a wand of digging (3)
Scrolls
 c - a scroll of fog
 d - a scroll of magic mapping
 e - a scroll of fear
 h - a scroll of identify {unknown}
Potions
 f - 4 potions of haste
 j - a potion of cancellation {unknown}


   Skills:
 + Level 3.2 Fighting
 + Level 2.2 Long Blades
 + Level 1.8 Dodging
 + Level 3.4 Stealth


You had one spell level left.
You didn't know any spells.
Your spell library was empty.

Dungeon Overview and Level Annotations

Branches:
Dungeon (6/15)
 Temple: D:4-7

Altars:
Ashenzari
Qazlal
Sif Muna
Trog


Innate Abilities, Weirdness & Mutations

You are completely covered in rugged brown scales. (AC +3, +7% HP)
You have supernaturally acute eyesight. (SInv)
Armour fits poorly on your strangely shaped body.
You can roll at foes to attack.
You have a long armoured tail.


Message History

The worker ant is moderately wounded.
The worker ant bites you.
You hit the worker ant but do no damage.
The worker ant is moderately wounded.
The worker ant bites you. x2
You barely miss the worker ant.
The worker ant is moderately wounded.
The worker ant bites you.
You are lethally poisoned!
The worker ant poisons you!
You hit the worker ant but do no damage.
The worker ant is moderately wounded.
You feel sick. The worker ant bites you.
* * * LOW HITPOINT WARNING * * *
The worker ant closely misses you.
You barely miss the worker ant.
The worker ant is moderately wounded.
* * * LOW HITPOINT WARNING * * *
You feel sick. The worker ant bites you.
You die...

.. #. ... #.####
##.#...# #..# #.#..#
#..#...# +....#....##
##......#
#....#.....###.>.....#
...?.........#.......#
#..........##......#
..#........<..#......###
...........#....@.......
...........##..#.a......
..........$...#..#.#....
..........###.#.....####
..........# .....#.##
#.........#..#.....#
##.......##..#......
...J...............#


You could see a worker ant.

Vanquished Creatures
  A hound zombie (D:6)
1 creature vanquished.

Notes
Turn   | Place    | Note
-------+----------+-------------------------------------------
     0 | D:5      | ANON1729 the Palentonga Delver began the quest for the Orb.
     0 | D:5      | Reached XP level 1. HP: 19/19 MP: 1/1
     5 | D:5      | Found a stormy altar of Qazlal.
    28 | D:5      | Found a shattered altar of Ashenzari.
    35 | D:5      | Found a shimmering blue altar of Sif Muna.
    39 | D:5      | Found a bloodstained altar of Trog.
    98 | D:5      | Noticed a scorpion
   146 | D:6      | Noticed a worker ant
   154 | D:6      | Noticed a jelly
   178 | D:6      | Reached XP level 2. HP: 20/25 MP: 2/2
   243 | D:6      | Slain by a worker ant

Illustrated notes

Levels and vault maps discovered:
D:5:      layout_rooms, minmay_overflow_temple_star_quad,
          nicolae_qazlal_general_emergency
D:6:      layout_cave_pools, kennysheep_mini, minmay_temple_entry_slanted,
          basic_altar, serial_co_window_serial, co_window_paths_a,
          co_window_cross_1, co_window_corner_a, co_window_paths_b,
          co_window_paths_b, co_window_broadway_c, co_window_unsneaky_path_e,
          co_window_broadway_b, glass_columns_a, glass_columns_b,
          glass_columns_a, glass_columns_a

Action                   || total
-------------------------++-------
Melee: Falchion          ||    15
Armor: Leather armour    ||     5
Dodge: Dodged            ||     7
       Rpst.: Falchion   ||     3

Table legend: (Time is in decaauts)
 A = Elapsed time spent in this place.
 B = Non-inter-level travel time spent in this place.
 C = Inter-level travel time spent in this place.
 D = Time resting spent in this place.
 E = Time spent auto-exploring this place.
 F = Levels seen in this place.
 G = Mean time per level.
                   A        B        C        D        E       F      G
               +--------+--------+--------+--------+--------+-----+--------+
         Total |    245 |    235 |     10 |     54 |    106 |   2 |  122.5 |
       Dungeon |    245 |    235 |     10 |     54 |    106 |   2 |  122.5 |
               +--------+--------+--------+--------+--------+-----+--------+

Top non-repeatable levels by time:
     D:5: 146 daAuts
     D:6: 99 daAuts
